 Dungeon Crawl Stone Soup version 0.20.1-1-g8b1a95d (webtiles) character file.

6192 Fisto the Slasher (level 11, -4/83 HPs)
             Began as a Human Fighter on Nov 15, 2017.
             Was a Believer of Ru.
             Slain by an orc warrior
             ... wielding a +0 glaive
              (6 damage)
             ... on level 9 of the Dungeon.
             The game lasted 01:13:38 (12596 turns).

Fisto the Slasher (Human Fighter)                  Turns: 12596, Time: 01:13:38

Health: -4/83      AC: 15    Str: 18    XL:     11   Next: 14%
Magic:  3/3        EV:  5    Int: 10    God:    Ru [**....]
Gold:   424        SH: 11    Dex: 15    Spells: 10/10 levels left

rFire    + . .     SeeInvis .   E - +4 long sword of Cowardice {antimagic, rN+ MR+}
rCold    . . .     Gourm    .   c - +1 shield
rNeg     + . .     Faith    .   C - +0 plate armour
rPois    .         Spirit   .   (no helmet)
rElec    .         Reflect  .   (no cloak)
rCorr    .         Harm     .   g - +0 pair of gloves
MR       +....                  w - +0 pair of boots
Stlth    ..........             (no amulet)
Regen    0.3/turn               a - +2 ring of intelligence
MPRegen  0.1/turn               s - ring of protection from fire

@: very slightly contaminated
A: hated by all, no conjurations magic, no fire magic, no hexes magic
a: Renounce Religion


You were on level 9 of the Dungeon.
You worshipped Ru.
Ru was pleased with you.
You were not hungry.

You visited 2 branches of the dungeon, and saw 10 of its levels.

You collected 424 gold pieces.

Inventory:

Hand Weapons
 d - a +2 long sword of flaming
 h - the +1 short sword of Rycem {pierce, *Drain rN+ Dex+6}
   (You found it on level 7 of the Dungeon)

   It inflicts extra damage upon your enemies.
   It affects your dexterity (+6).
   It protects you from negative energy.
   It causes draining when unequipped.
 l - a +3 short sword of protection
 p - a +1 shortbow
 r - the +3 hunting sling "Eroedugg" {velocity, rPois SInv}
   (You found it on level 6 of the Dungeon)

   Any stone fired from it inflicts extra damage.
   It protects you from poison.
   It lets you see invisible.
 z - a +0 blowgun
 B - a +2 war axe of chopping
 E - the +4 long sword of Cowardice (weapon) {antimagic, rN+ MR+}
   (You found it on level 5 of the Dungeon)

   It reduces the magical energy of the wielder, and disrupts the spells and
   magical abilities of those hit.
   Natural abilities and divine invocations are not affected.
   It protects you from negative energy.
   It affects your resistance to hostile enchantments.
Missiles
 k - 47 poisoned needles
 n - 61 sling bullets
 v - 123 arrows
 y - 36 bolts
 D - 4 tomahawks (quivered)
Armour
 c - a +1 shield (worn)
 g - a +0 pair of gloves (worn)
 w - a +0 pair of boots (worn)
 C - a +0 plate armour (worn)
Jewellery
 a - a +2 ring of intelligence (left hand)
 s - a ring of protection from fire (right hand)
Wands
 q - a wand of acid (1/15)
Scrolls
 b - 3 scrolls of remove curse
 i - a scroll of noise
 o - 2 scrolls of recharging
Potions
 j - a potion of brilliance
 m - a potion of resistance
Comestibles
 f - 8 bread rations
 u - 2 meat rations
 A - 3 royal jellies


   Skills:
 + Level 6.4 Fighting
 + Level 4.0(6.3) Short Blades
 + Level 7.7(8.2) Long Blades
 + Level 2.2(2.7) Slings
 * Level 7.6 Bows
 + Level 2.4(2.8) Throwing
 + Level 7.2 Armour
 + Level 2.0 Dodging
 + Level 1.3 Stealth
 + Level 6.4 Shields


You had 10 spell levels left.
You didn't know any spells.

Dungeon Overview and Level Annotations

Branches:
Dungeon (9/15)             Temple (1/1) D:4             Orc (0/2) D:9
   Lair: D:8-11

Altars:
Ashenzari
Cheibriados
Dithmenos
Elyvilon
Fedhas
Gozag
Hepliaklqana
Kikubaaqudgha
Makhleb
Nemelex Xobeh
Okawaru
Qazlal
Ru
Sif Muna
Trog
Uskayaw
Vehumet
Xom
Yredelemnul
Zin
The Shining One
Beogh

Shops:
D:6 ?   D:7 (

Annotations:
D:7 Menkaure


Innate Abilities, Weirdness & Mutations

You are hated by all.
You cannot study or cast Conjurations magic.
You cannot study or cast Fire magic.
You cannot study or cast Hexes magic.


Message History

* * * LOW HITPOINT WARNING * * *
Blink to where?
Press: ? - help, Dir - move target cursor You are very lightly contaminated with residual magic.
As you read the scroll of blinking, it crumbles to dust.
There is an open door here.
You close the door.
You start resting.
An orc warrior opens the door.
It is wielding a battleaxe.
You closely miss the orc warrior.
The orc warrior is almost dead.
You block the orc warrior's attack.
You hit the orc warrior but do no damage.
The orc warrior is almost dead.
The orc warrior hits you with a battleaxe!
* * * LOW HITPOINT WARNING * * *
You closely miss the orc warrior.
The orc warrior is almost dead.
The orc warrior hits you from afar with a glaive.
You die...

######### ##########
#############.......# #.........
............#.......# #.........
............#.......# #.........
.####...##..#...@o..####.........
.#####'###..####'###.............
.........#.....oo..#.............
.........#....o....#.........s...
###.##..##..##.#####....#########
.#####..##..#####..#....#.......#
....+..........'...#....#.......#
....#..o.......#...#....'.......#
.##.##.###...#######....#...###.#


You could see 2 orc warriors, an orc priest and an orc.

Vanquished Creatures
  The ghost of blah the Protected, a novice GrFi of Ru (D:7)
  The ghost of Fisto the Covered, a novice HuBe of Trog (D:6)
  A slime creature (D:7)
  A hippogriff (D:7)
  A spriggan (D:7)
  3 yaks (D:9)
  3 orc warriors
  2 ice beasts
  A sky beast (D:7)
  A black bear (D:6)
  4 ogres
  3 phantoms
  4 centaurs
  A crocodile (D:7)
  2 big kobolds (D:7)
  A gnoll sergeant (D:9)
  6 bullfrogs
  A scorpion (D:9)
  5 killer bees
  3 wights
  A howler monkey (D:7)
  3 bullfrog zombies
  5 crimson imps
  A centaur zombie (D:9)
  2 jellies
  7 hounds
  2 orc priests
  2 orc wizards
  A centaur skeleton (D:9)
  2 iguanas
  5 worker ants
  A hound zombie (D:6)
  A worker ant zombie (D:7)
  2 howler monkey skeletons (D:6)
  8 adders
  12 gnolls
  3 shadow imps
  An ooze (D:2)
  An adder skeleton (D:4)
  6 worms
  2 dart slugs (D:1)
  2 leopard geckos
  19 orcs
  4 ball pythons
  5 bats
  7 giant cockroaches
  7 goblins
  4 hobgoblins
  11 jackals
  13 kobolds
  A quokka (D:7)
  6 frilled lizards
  A jackal skeleton (D:6)
  A leopard gecko skeleton (D:9)
  A quokka skeleton (D:7)
  2 rats
197 creatures vanquished.

Vanquished Creatures (others)
  The ghost of blah the Shield-Bearer, a novice FoFi of Ru (D:8)
  A hippogriff (D:7)
2 creatures vanquished.

Grand Total: 199 creatures vanquished

Notes
Turn   | Place    | Note
-------+----------+-------------------------------------------
     0 | D:1      | Fisto the Human Fighter began the quest for the Orb.
     0 | D:1      | Reached XP level 1. HP: 18/18 MP: 1/1
   345 | D:1      | Reached XP level 2. HP: 24/24 MP: 2/2
   524 | D:1      | Reached XP level 3. HP: 22/29 MP: 3/3
  1268 | D:2      | Reached XP level 4. HP: 35/35 MP: 4/4
  1669 | D:2      | Reached XP level 5. HP: 28/41 MP: 5/5
  3457 | D:4      | Found a staircase to the Ecumenical Temple.
  3499 | Temple   | Entered the Ecumenical Temple
  3506 | Temple   | Became a worshipper of Ru the Awakened
  3866 | D:4      | Reached XP level 6. HP: 31/47 MP: 6/6
  4077 | D:5      | Entered Level 5 of the Dungeon
  4101 | D:5      | Reached skill level 1 in Long Blades
  4121 | D:5      | Noticed an ogre
  4141 | D:4      | Killed an ogre
  4252 | D:5      | Reached XP level 7. HP: 52/53 MP: 7/7
  4588 | D:5      | Reached skill level 1 in Dodging
  4841 | D:5      | Got a translucent long sword
  4842 | D:5      | Identified the +4 long sword of Cowardice {antimagic, rN+ MR+} (You found it on level 5 of the Dungeon)
  5503 | D:6      | Gained mutation: You are hated by all. [Ru sacrifice]
  5503 | D:6      | Reached * piety under Ru
  5530 | D:6      | Noticed Fisto's ghost (novice HuBe)
  5546 | D:5      | Reached skill level 1 in Throwing
  5856 | D:5      | Reached XP level 8. HP: 58/60 MP: 2/8
  6004 | D:6      | Reached skill level 5 in Armour
  6028 | D:6      | Found a hide-covered altar of Uskayaw.
  6453 | D:6      | Reached skill level 5 in Shields
  6716 | D:6      | Found a sacrificial altar of Ru.
  6774 | D:6      | Reached skill level 1 in Bows
  7137 | D:6      | Found Xueseyma's Magic Scroll Shop.
  7188 | D:6      | Reached XP level 9. HP: 40/66 MP: 9/9
  7348 | D:6      | Killed Fisto's ghost
  7531 | D:6      | Reached skill level 5 in Long Blades
  7575 | D:6      | Got a brightly glowing hunting sling
  7879 | D:7      | Reached skill level 5 in Bows
  8179 | D:7      | Reached skill level 5 in Fighting
  8233 | D:7      | Noticed a slime creature
  8245 | D:7      | Killed a slime creature
  8351 | D:7      | Noticed a hippogriff
  8380 | D:7      | Killed a hippogriff
  8380 | D:7      | Reached XP level 10. HP: 53/74 MP: 3/10
  8860 | D:7      | Found Ononihom's Antique Weapon Boutique.
  9186 | D:7      | Identified the cursed +3 hunting sling "Eroedugg" {velocity, rPois SInv} (You found it on level 6 of the Dungeon)
  9220 | D:7      | Got a scorched short sword
  9231 | D:7      | Identified the cursed +1 short sword of Rycem {pierce, *Drain rN+ Dex+6} (You found it on level 7 of the Dungeon)
  9860 | D:7      | Reached skill level 1 in Slings
 10005 | D:7      | Noticed blah's ghost (novice GrFi)
 10619 | D:7      | Killed blah's ghost
 11020 | D:7      | Noticed Menkaure
 11036 | D:6      | HP: 3/76 [poisoned by a killer bee]
 11041 | D:6      | HP: 3/76 [poisoned by a killer bee]
 11049 | D:6      | HP: 2/76 [poisoned by a killer bee]
 11425 | D:8      | Noticed blah's ghost (novice FoFi)
 11445 | D:8      | Killed blah's ghost
 11445 | D:8      | Reached skill level 1 in Stealth
 11537 | D:8      | Gained mutation: You cannot study or cast Fire magic. [Ru sacrifice]
 11537 | D:8      | Gained mutation: You cannot study or cast Hexes magic. [Ru sacrifice]
 11537 | D:8      | Gained mutation: You cannot study or cast Conjurations magic. [Ru sacrifice]
 11537 | D:8      | Reached ** piety under Ru
 11602 | D:9      | Reached XP level 11. HP: 71/81 MP: 3/11
 12547 | D:9      | Found a roughly hewn altar of Beogh.
 12547 | D:9      | Found a staircase to the Orcish Mines.
 12595 | D:9      | HP: 2/83 [orc warrior/battleaxe (11)]
 12596 | D:9      | Slain by an orc warrior

Skill      XL: |  1  2  3  4  5  6  7  8  9 10 11 |
---------------+----------------------------------+-----
Short Blades   | 3 4 |  4.0
Armour         | 4 5 6 7 |  7.2
Long Blades    | 2 3 4 6 7 |  7.7
Shields        | 4 5 6 |  6.4
Dodging        | 1 2 |  2.0
Fighting       | 4 5 6 |  6.4
Throwing       | 1 2 |  2.4
Bows           | 3 6 7 |  7.6
Slings         | 1 2 |  2.2
Stealth        | 1 |  1.3

Action                   |  1- 3 |  4- 6 |  7- 9 | 10-12 || total
-------------------------+-------+-------+-------+-------++-------
Melee: Rapier            |    94 |   129 |       |       ||   223
       Long sword        |       |    75 |   255 |   386 ||   716
       Short sword       |       |       |       |    14 ||    14
 Fire: Shortbow          |       |       |    92 |       ||    92
       Hunting sling     |       |       |       |    34 ||    34
Throw: Tomahawk          |       |       |    22 |       ||    22
Invok: Sacrifice Love    |       |       |     1 |       ||     1
       Sacrifice Arcana  |       |       |       |     1 ||     1
  Use: Scroll            |     1 |     7 |     9 |    12 ||    29
       Potion            |       |     3 |     7 |     3 ||    13
 Stab: Distracted        |       |       |     1 |     3 ||     4
  Eat: Chunk             |     1 |     5 |    10 |     5 ||    21
       Fruit             |       |     1 |     3 |     1 ||     5
       Bread ration      |       |     1 |       |     2 ||     3
Armor: Scale mail        |     9 |       |       |       ||     9
       Chain mail        |    38 |    82 |   113 |    50 ||   283
       Skin              |       |       |     6 |       ||     6
       Plate armour      |       |       |       |   179 ||   179
Dodge: Dodged            |    15 |    36 |    85 |    83 ||   219
Block: Shield            |    41 |    82 |   116 |   187 ||   426
       Rpst.: Long sword |       |     6 |    17 |    24 ||    47
